 Dungeon Crawl Stone Soup version 0.30-a0-718-geaa24f58ff (webtiles) character file.

Game seed: 8208193596010800710

30508 browni3141 the Cleaver (level 13, -2/100 HPs)
             Began as a Mummy Cinder Acolyte on Jan 25, 2023.
             Was a Priest of Ignis.
             Slain by a killer bee (6 damage)
             ... on level 4 of the Lair of Beasts.
             The game lasted 00:43:39 (17028 turns).

browni3141 the Cleaver (Mummy Cinder Acolyte)      Turns: 17028, Time: 00:43:40

Health: -2/100     AC: 18    Str: 21    XL:     13   Next: 20%
Magic:  15/15      EV: 16    Int: 14    God:    Ignis [***...]
Gold:   586        SH: 10    Dex:  8    Spells: 12/14 levels left

rFire   . . .      SeeInvis .    a - +2 hand axe (venom)
rCold   + . .      Faith    +    J - +0 kite shield
rNeg    + + +      Spirit   .    m - +0 chain mail
rPois   ∞          Reflect  .    C - +0 helmet
rElec   .          Harm     .    D - +2 cloak {rCorr}
rCorr   +          Rampage  +    j - +0 pair of gloves
Will    +....                    G - +1 pair of boots {rampage} Stlth
                                 O - amulet of regeneration
HPRegen 1.16/turn                A - +5 ring of evasion
MPRegen 0.14/turn                w - +5 ring of evasion

@: no status effects
A: cold resistance 1, negative energy resistance 3, torment resistance 2, heat
vulnerability 1, in touch with death 2, no potions, faith
a: Renounce Religion, Fiery Armour, Foxfire Swarm, Rising Flame


You were on level 4 of the Lair of Beasts.
You worshipped Ignis.
Ignis was most pleased with you.
You visited 2 branches of the dungeon, and saw 16 of its levels.

You collected 916 gold pieces.
You spent 330 gold pieces at shops.

Inventory:

Hand Weapons
 a - a +2 hand axe of venom (weapon)
 b - a +0 sling
 c - a +0 war axe
 d - a -1 hand axe of flaming
Missiles
 g - 2 atropa-tipped darts (quivered)
 v - 11 boomerangs
 x - 21 poisoned darts
 B - 2 curare-tipped darts
 H - 2 throwing nets
Armour
 i - a +0 scale mail
 j - a +0 pair of gloves (worn)
 k - a +0 robe
 m - a +0 chain mail (worn)
 C - a +0 helmet (worn)
 D - a +2 cloak of preservation (worn)
 G - a +1 pair of boots of rampaging (worn)
 J - a +0 kite shield (worn)
Jewellery
 f - a ring of see invisible
 o - the amulet of Elemental Vulnerability {rPois rF-- rC-- AC+8}
   (You found it on level 4 of the Dungeon)

   [amulet of nothing]

   AC:        It affects your AC (+8).
   rF:        It makes you very vulnerable to fire.
   rC:        It makes you very vulnerable to cold.
   rPois:     It protects you from poison.
 t - a ring of flight
 w - a +5 ring of evasion (right hand)
 A - a +5 ring of evasion (left hand)
 E - a ring of resist corrosion
 M - an amulet of reflection
 O - an amulet of regeneration (around neck)
Wands
 q - a wand of flame (45)
 s - a wand of polymorph (1)
 y - a wand of mindburst (4)
 z - a wand of quicksilver (7)
 Q - a wand of roots (3)
 T - a wand of digging (5)
Scrolls
 e - 3 scrolls of blinking
 h - 3 scrolls of fog
 l - 4 scrolls of fear
 n - 4 scrolls of immolation
 p - 3 scrolls of silence
 r - 3 scrolls of vulnerability
 u - 4 scrolls of enchant weapon
 F - 5 scrolls of enchant armour
 I - 2 scrolls of teleportation
 K - 3 scrolls of magic mapping
 L - 2 scrolls of amnesia
 N - a scroll of torment
 P - a scroll of brand weapon
 R - a scroll of poison {unknown}
 S - a scroll of identify
Miscellaneous
 U - a box of beasts


   Skills:
 + Level 8.9 Fighting
 * Level 10.9 Axes
 - Level 2.0 Throwing
 + Level 6.7 Armour
 - Level 2.0 Stealth
 + Level 10.4 Shields
 - Level 1.3 Spellcasting
 - Level 3.0 Fire Magic
 + Level 6.7 Evocations


You had 12 spell levels left.
You knew the following spells:

 Your Spells              Type           Power      Damage    Failure   Level
a - Scorch                Fire           18%        2d6       88%         2

Your spell library contained the following spells:

 Spells                   Type           Power      Damage    Failure   Level
 Magic Dart               Conj           0%         1d3       99%         1
 Searing Ray              Conj           0%         2d4       100%        2
 Static Discharge         Conj/Air       0%         2-2/arc   100%        2
 Call Canine Familiar     Summ           0%         N/A       100%        3
 Ignite Poison            Fire/Tmut/Pois 3%         N/A       100%        3
 Kindle Blastsparks       Fire/Tloc/Air  6%         2d10      100%        3
 Portal Projectile        Hex/Tloc       0%         N/A       100%        3
 Vhi's Electric Charge    Tloc/Air       0%         N/A       100%        3
 Fulminant Prism          Conj/Hex       0%         3d5       100%        4
 Leda's Liquefaction      Hex/Erth       0%         N/A       100%        4
 Arcjolt                  Conj/Air       0%         1d10      100%        5
 Freezing Cloud           Conj/Ice/Air   0%         6-21      100%        5
 Lightning Bolt           Conj/Air       0%         1d11      100%        5


Dungeon Overview and Level Annotations

Branches:
Dungeon (12/15)            Temple (0/1) D:4            Lair (4/5) D:10
  Swamp (0/4) Lair:3        Snake (0/4) Lair:2          Orc (0/2) D:9
  Slime: Lair:4-5

Altars:
Cheibriados
Dithmenos
Gozag
Hepliaklqana
Sif Muna
Trog
Uskayaw

Shops:
D:6 [   D:7 *

Annotations:
D:1 1 runed translucent door
D:2 1 runed translucent door, Crazy Yiuf
D:5 3 runed translucent doors, baller8008's ghost, novice DECj; flotson's ghost, weakling DsDe
Lair:2 exclusion: 2 downstairs


Innate Abilities, Weirdness & Mutations

You are immune to poison.
Your flesh is cold resistant. (rC+)
You are immune to negative energy. (rN+++)
You are immune to unholy pain and torment.
You are vulnerable to heat. (rF-)
You are strongly in touch with the powers of death.
You do not drink.
You have a special connection with the divine. (Faith)


Message History

The meliai misses you. x2; The meliai barely misses you.
You hear an angry buzzing noise.
You hit the meliai but do no damage.
The meliai looks as sick as possible!
The meliai is severely wounded.
You slash the meliai!
The meliai is poisoned.
You kill the meliai!
The meliai hits you but does no damage. You block the meliai's attack.
A killer bee comes into view.
You hit the meliai.
The meliai is heavily wounded.
You closely miss the killer bee. The killer bee misses you.
The meliai hits you with a +3 war axe! You block the meliai's attack.
You barely miss the meliai.
The meliai is heavily wounded.
You miss the killer bee. You block the killer bee's attack.
The meliai hits you but does no damage.
The meliai stings you but does no damage.
You block the killer bee's attack.
The meliai calls down the wrath of its god upon you.
Something smites you!
You hit the killer bee but do no damage.
You miss the meliai. You block the killer bee's attack.
You block the meliai's attack.
The meliai stings you but does no damage.
The killer bee stings you but does no damage.
The meliai calls down the wrath of its god upon you.
Something smites you!
* * * LOW HITPOINT WARNING * * *
You hit the meliai.
The meliai looks even sicker.
The meliai is severely wounded.
You hit the killer bee but do no damage.
You block the killer bee's attack.
The meliai invokes the aid of its god against you.
Something smites you!
* * * LOW HITPOINT WARNING * * *
The meliai invokes the aid of its god against you.
Something smites you!
* * * LOW HITPOINT WARNING * * *
The killer bee stings you.
You die...

.......# #...#.†.#
.....÷#####.....##
##...)#....#...##
#####†....#####
#...#...#
##.....#####
##........## ...
#####.....## ...
#...#.y@# ..#
##....y#####.y
##...#.#)#.#
#####y.y..##
#.......#
##.....## ##)$!##
#####


You could see a meliai (very poisoned) and a killer bee.

Vanquished Creatures
  Josephine (D:10)
  4 hydras
  A boulder beetle (D:9)
  6 death yaks (Lair:2)
  A two-headed ogre (D:11)
  A steelbarb worm (D:9)
  An ugly thing (D:11)
  2 manticores
  A black mamba (Lair:4)
  3 cane toads
  A rime drake (Lair:1)
  An unseen horror (D:11)
  6 komodo dragons
  4 meliai (Lair:4)
  2 queen bees
  2 polar bears
  Grinder (D:4)
  A dream sheep (shapeshifter) (D:11)
  A snapping turtle (D:11)
  A dream sheep (Lair:3)
  6 blink frogs
  Sigmund (D:2)
  A shadow (D:9)
  3 wyverns
  5 wraiths
  19 yaks
  A vampire (D:10)
  A human (D:9)
  A steam dragon (D:7)
  3 basilisks
  4 vampire mosquitoes (D:9)
  2 wargs (D:9)
  2 acid dragons
  Duvessa (D:4)
  7 water moccasins
  3 sky beasts
  An ice beast (D:7)
  4 orc warriors
  An ogre (D:6)
  3 black bears
  8 centaurs
  14 wolves
  3 kobold brigands
  13 bullfrogs
  3 gnoll sergeants
  2 necrophages
  4 scorpions
  10 wights
  Dowan (D:4)
  25 killer bees
  6 howler monkeys
  4 jellies
  5 hounds
  10 orc priests
  A gnoll bouda (D:8)
  3 iguanas (D:5)
  Terence (D:2)
  10 orc wizards
  17 gnolls
  3 adders
  2 white imps
  An ufetubus (D:7)
  3 dart slugs
  43 orcs
  4 endoplasms
  2 giant cockroaches
  8 goblins
  5 hobgoblins
  5 jackals
  5 quokkas
  9 bats
  2 frilled lizards
  17 kobolds
  5 rats
364 creatures vanquished.

Vanquished Creatures (collateral kills)
  A komodo dragon (Lair:4)
1 creature vanquished.

Vanquished Creatures (others)
  37 foxfires
  20 fungi
  28 plants
  6 withered plants (D:5)
91 creatures vanquished.

Grand Total: 456 creatures vanquished

Notes
Turn   | Place    | Note
-------+----------+-------------------------------------------
     0 | D:1      | browni3141 the Mummy Cinder Acolyte began the quest for the
                  | Orb.
     0 | D:1      | Reached XP level 1. HP: 18/18 MP: 2/2
     2 | D:1      | Found a runed translucent door.
    24 | D:1      | Noticed a jelly
   208 | D:1      | Reached skill level 1 in Stealth
   261 | D:1      | Reached XP level 2. HP: 24/24 MP: 4/4
   264 | D:1      | Learned a level 2 spell: Scorch
   280 | D:1      | Found a faded altar of an unknown god.
   836 | D:2      | Noticed Sigmund
   846 | D:2      | Gained mutation: You are in touch with the powers of death.
                  | [Mummy growth]
   846 | D:2      | Reached XP level 3. HP: 29/29 MP: 5/5
   855 | D:2      | Killed Sigmund
   856 | D:2      | Reached XP level 4. HP: 31/35 MP: 6/6
   856 | D:2      | Reached XP level 5. HP: 36/41 MP: 7/7
  1188 | D:2      | Noticed Terence
  1202 | D:2      | Killed Terence
  1293 | D:2      | Reached skill level 1 in Throwing
  1293 | D:2      | Reached XP level 6. HP: 41/47 MP: 8/8
  1424 | D:2      | Found a runed translucent door.
  1425 | D:2      | Noticed Crazy Yiuf
  1745 | D:3      | Found a snail-covered altar of Cheibriados.
  2244 | D:3      | Reached skill level 5 in Axes
  2527 | D:4      | Found the amulet of Elemental Vulnerability {rPois rF--
                  | rC-- AC+8}
  2558 | D:4      | Reached skill level 1 in Armour
  2607 | D:4      | Found a hide-covered altar of Uskayaw.
  2670 | D:4      | Found a staircase to the Ecumenical Temple.
  2761 | D:4      | Noticed Duvessa
  2786 | D:4      | Killed Duvessa
  2787 | D:4      | Reached XP level 7. HP: 38/52 MP: 9/9
  2842 | D:4      | Noticed Dowan
  2881 | D:4      | Killed Dowan
  3088 | D:4      | Noticed Grinder
  3106 | D:4      | Killed Grinder
  3235 | D:5      | Entered Level 5 of the Dungeon
  3303 | D:5      | Found a runed translucent gate.
  3303 | D:5      | Found a runed translucent gate.
  3303 | D:5      | Found a runed translucent gate.
  3311 | D:5      | Noticed baller8008's ghost (novice DECj)
  3311 | D:5      | Noticed flotson's ghost (weakling DsDe)
  3568 | D:5      | Reached XP level 8. HP: 58/58 MP: 10/10
  3762 | D:5      | Reached skill level 5 in Armour
  5239 | D:6      | Reached XP level 9. HP: 64/66 MP: 11/11
  5250 | D:6      | Found Giejucw's Antique Armour Shoppe.
  5579 | D:6      | Reached skill level 5 in Fighting
  5636 | D:6      | You fall into a shaft and drop 2 floors!
  5641 | D:7      | Found Palop's Assorted Antiques.
  5809 | D:6      | Bought an embroidered cloak for 165 gold pieces
  6423 | D:6      | Bought a pair of embroidered boots for 165 gold pieces
  6537 | D:7      | Found a hazy altar of Hepliaklqana.
  6872 | D:8      | Found a shimmering blue altar of Sif Muna.
  7340 | D:8      | Found a shadowy altar of Dithmenos.
  7523 | D:8      | Found a bloodstained altar of Trog.
  7727 | D:9      | Noticed a troll
  7728 | D:9      | a troll changed into a queen bee
  7728 | D:9      | Noticed a queen bee
  7738 | D:9      | Killed a queen bee
  7739 | D:9      | Reached XP level 10. HP: 72/77 MP: 12/12
  8040 | D:9      | Noticed a two-headed ogre
  8482 | D:9      | a two-headed ogre changed into a steelbarb worm
  8482 | D:9      | Noticed a steelbarb worm
  8501 | D:9      | Killed a steelbarb worm
  8502 | D:9      | Reached skill level 5 in Evocations
  8577 | D:9      | Found a staircase to the Orcish Mines.
  9139 | D:10     | Entered Level 10 of the Dungeon
  9139 | D:10     | Noticed a two-headed ogre
  9143 | D:10     | a two-headed ogre changed into a boulder beetle
  9143 | D:10     | Noticed a boulder beetle
  9234 | D:9      | Reached skill level 1 in Shields
  9251 | D:9      | Killed a boulder beetle
  9553 | D:10     | Reached XP level 11. HP: 69/84 MP: 13/13
  9743 | D:10     | Found an opulent altar of Gozag.
  9753 | D:10     | Noticed Josephine
  9768 | D:10     | Killed Josephine
  9865 | D:10     | Found a staircase to the Lair.
 10370 | D:10     | Reached skill level 10 in Axes
 10522 | D:10     | Identified the +4 quarterstaff of Teahusix {venom, *Slow
                  | rPois Int+5}
 10859 | D:11     | Noticed a two-headed ogre
 10862 | D:11     | a two-headed ogre changed into a snapping turtle
 10979 | D:11     | Noticed a two-headed ogre
 10982 | D:11     | a two-headed ogre changed into a glowing shapeshifter
 10982 | D:11     | Noticed a glowing shapeshifter
 10983 | D:11     | a glowing shapeshifter changed into a deep troll
 10983 | D:11     | Noticed a deep troll (glowing shapeshifter)
 10990 | D:11     | a deep troll changed into a cyclops
 11239 | D:11     | Reached skill level 5 in Shields
 11925 | D:11     | Noticed a two-headed ogre
 11958 | D:11     | Killed a two-headed ogre
 12159 | D:12     | Noticed a purple ugly thing
 12180 | D:11     | Killed a purple ugly thing
 12229 | Lair:1   | Entered Level 1 of the Lair of Beasts
 13142 | Lair:2   | Reached XP level 12. HP: 91/92 MP: 14/14
 13161 | Lair:2   | You fall into a shaft and drop 1 floor!
 13384 | Lair:2   | Identified the +1 ring mail of the Pleiades {rN+ Int+5}
 13569 | Lair:2   | Found a staircase to the Snake Pit.
 13958 | Lair:3   | Noticed a death yak
 13958 | Lair:3   | Noticed a death yak
 13958 | Lair:3   | Noticed a death yak
 13958 | Lair:3   | Noticed a death yak
 13960 | Lair:3   | Noticed a death yak
 13960 | Lair:3   | Noticed a death yak
 14000 | Lair:2   | Killed a death yak
 14334 | Lair:2   | Killed a death yak
 14363 | Lair:2   | Killed a death yak
 14596 | Lair:2   | Killed a death yak
 15114 | Lair:2   | Killed a death yak
 15248 | Lair:2   | Killed a death yak
 15249 | Lair:2   | Reached skill level 10 in Shields
 15560 | Lair:3   | Noticed an eight-headed hydra
 15581 | Lair:3   | Killed a one-headed hydra
 15753 | Lair:3   | Found a staircase to the Swamp.
 16214 | Lair:4   | Noticed a seven-headed hydra
 16240 | Lair:4   | Killed a one-headed hydra
 16454 | Lair:4   | Noticed a death yak
 16478 | Lair:4   | Noticed a death yak
 16478 | Lair:4   | Noticed a death yak
 16691 | Lair:4   | Gained mutation: You are strongly in touch with the powers
                  | of death. [Mummy growth]
 16691 | Lair:4   | Reached XP level 13. HP: 52/99 MP: 15/15
 17028 | Lair:4   | HP: 4/100 [meliai/divine providence (12)]
 17028 | Lair:4   | Slain by a killer bee

Illustrated notes

Levels and vault maps discovered:
D:1:      dpeg_arrival_caged_fury, layout_rooms,
          shapermc_ecumenical_altar_notcrosses
D:2:      layout_loops_ring, uniq_terence, uniq_sigmund, uniq_crazy_yiuf_cottage
D:3:      layout_basic, mainiacjoe_overflow_tiny_flanked
D:4:      layout_gridville, eat_drink_and_be_merry_uskayaw,
          minmay_temple_entry_statues_pillars, serial_bayou_pond_c,
          uniq_duvessa, uniq_grinder
D:5:      layout_loops_corners, gammafunk_ghost_cemetery,
          minmay_misc_feat_more_columns
D:6:      layout_gridville, serial_shops, shop
D:7:      nicolae_cairo_tiling_large, layout_loops_cross,
          nicolae_hepliaklqana_hazy_memory, mainiacjoe_overflow_boulevard,
          serial_shops, nicolae_stop_n_shop_1, serial_glass, glass_columns_b,
          glass_columns_a, glass_columns_a, glass_columns_a, glass_columns_a,
          glass_columns_b, glass_columns_b, glass_columns_b, glass_columns_c,
          glass_columns_a
D:8:      layout_loops_ring, grunt_dithmenos_smoke_and_mirrors,
          old_standard_altar, gammafunk_temple_overflow_statue,
          minmay_misc_feat_tiny
D:9:      layout_roguey, erik_orc_4
D:10:     layout_big_octagon, mainiacjoe_overflow_alcove_4,
          grunt_lair_entry_orc_guard_hut, uniq_josephine
D:11:     layout_basic
D:12:     layout_roguey
Lair:1:   layout_loops_ring, dreamdust_mushroom_princess,
          chequers_serial_rivers_room_b, fungi_pond_lemuel, grunt_megastairs_3
Lair:2:   layout_cave_pods, guppyfry_snake_entry_garden,
          infiniplex_staircase_pool
Lair:3:   layout_cave_shapes, swamp_mist_pool
Lair:4:   regret_index_combs_of_tragedy, layout_loops_ring

Skill      XL: |  1  2  3  4  5  6  7  8  9 10 11 12 |
---------------+-------------------------------------+-----
Stealth        | 1 2 |  2.0
Fire Magic     | 3 |  3.0
Axes           | 4 5 6 8 9 10 | 10.9
Throwing       | 1 2 |  2.0
Armour         | 2 3 5 6 |  6.7
Evocations     | 3 4 5 6 |  6.7
Fighting       | 4 6 7 8 |  8.9
Shields        | 2 7 10 | 10.4
Spellcasting   | |  1.3

Action                     |  1- 3 |  4- 6 |  7- 9 | 10-12 | 13-15 || total
---------------------------+-------+-------+-------+-------+-------++-------
  Melee: Hand axe          |    69 |   107 |   469 |  1178 |   117 ||  1940
         Punch             |       |     1 |     7 |     6 |       ||    14
         War axe           |       |       |       |    29 |       ||    29
   Fire: Sling             |       |     1 |    10 |       |       ||    11
  Throw: Dart              |     1 |     3 |     7 |     4 |       ||    15
   Cast: Scorch            |     1 |       |       |       |       ||     1
 Invoke: Fiery Armour      |     1 |       |       |     1 |     1 ||     3
         Foxfire Swarm     |       |       |     1 |     1 |       ||     2
  Evoke: Wand              |       |     2 |     9 |    17 |     4 ||    32
         Box of beasts     |       |       |       |     1 |       ||     1
    Use: Scroll            |       |     2 |     5 |     6 |     1 ||    14
   Stab: Sleeping          |     1 |       |       |       |       ||     1
         Invisible         |     1 |       |       |       |       ||     1
 Armour: Robe              |     6 |       |       |       |       ||     6
         Scale mail        |     3 |    23 |       |       |       ||    26
         Chain mail        |       |    23 |   286 |   525 |    45 ||   879
  Dodge: Dodged            |    41 |    41 |   253 |   919 |   107 ||  1361
  Block: Kite shield       |       |       |       |   504 |    73 ||   577

Table legend: (Time is in decaauts)
 A = Elapsed time spent in this place.
 B = Non-inter-level travel time spent in this place.
 C = Inter-level travel time spent in this place.
 D = Time resting spent in this place.
 E = Time spent auto-exploring this place.
 F = Levels seen in this place.
 G = Mean time per level.
                   A        B        C        D        E       F      G
               +--------+--------+--------+--------+--------+-----+--------+
         Total |  17035 |  16180 |    855 |   2273 |  10140 |  16 | 1064.7 |
       Dungeon |  12278 |  11703 |    575 |   1494 |   7610 |  12 | 1023.2 |
          Lair |   4756 |   4477 |    279 |    779 |   2529 |   4 | 1189.0 |
               +--------+--------+--------+--------+--------+-----+--------+

Top non-repeatable levels by time:
  Lair:2: 1913 daAuts
     D:9: 1532 daAuts
    D:10: 1430 daAuts
     D:5: 1356 daAuts
     D:6: 1345 daAuts
    D:11: 1334 daAuts
  Lair:3: 1215 daAuts
     D:8: 1098 daAuts
     D:3: 998 daAuts
     D:7: 902 daAuts
  Lair:1: 824 daAuts
  Lair:4: 802 daAuts
     D:1: 793 daAuts
     D:2: 757 daAuts
     D:4: 713 daAuts
